 Dungeon Crawl Stone Soup version 0.30.1-4-g462c640d31 (webtiles) character file.

Game seed: 17455451248309116728

28 Kurtz the Covered (level 3, 23/23 HPs)
             Began as a Tengu Fighter on Sept 16, 2023.
             Was a Follower of Elyvilon.
             Quit the game on level 2 of the Dungeon.
             The game lasted 00:01:25 (1337 turns).

Kurtz the Covered (Tengu Fighter)                   Turns: 1337, Time: 00:01:26

Health: 23/23      AC:  9    Str: 18    XL:     3   Next: 14%
Magic:  4/4        EV:  7    Int:  8    God:    Elyvilon [*.....]
Gold:   91         SH:  4    Dex: 13    Spells: 2/2 levels left

rFire   . . .        a - +0 war axe
rCold   . . .        c - +0 buckler
rNeg    . . .        g - +0 chain mail
rPois   .            (helmet restricted)
rElec   .            (no cloak)
rCorr   .            (no gloves)
SInv    .            (boots unavailable)
Will    .....        (no amulet) Stlth
                     (no ring)
HPRegen 0.23/turn    (no ring)
MPRegen 0.09/turn

%: no passive effects
@: no status effects
A: beak, talons 3
a: Renounce Religion, Purification


You were on level 2 of the Dungeon.
You worshipped Elyvilon.
Elyvilon was aware of your devotion.
You visited 1 branch of the dungeon, and saw 2 of its levels.

You collected 91 gold pieces.

Inventory:

Hand Weapons
 a - a +0 war axe (weapon)
Armour
 b - a +0 scale mail
 c - a +0 buckler (worn)
 g - a +0 chain mail (worn)
Scrolls
 e - a scroll of identify {unknown}
 f - a scroll of poison {unknown}
 j - a scroll of blinking {unknown}
 k - a scroll of teleportation {unknown}
Potions
 d - a potion of might
 h - 2 potions of heal wounds {unknown}
 i - a potion of magic {unknown}


   Skills:
 * Level 3.4 Fighting
 * Level 2.6 Axes
 * Level 3.8 Armour
 * Level 0.7 Dodging
 - Level 3.0 Shields


You had 2 spell levels left.
You didn't know any spells.
Your spell library was empty.

Dungeon Overview and Level Annotations

Branches:
Dungeon (2/15)

Altars:
Elyvilon


Innate Abilities, Weirdness & Mutations

You have a beak for a mouth.
You have claws for feet.


Message History

You now have 73 gold pieces (gained 4).
k - a scroll labelled QAESUN KECZOE You see here 5 stones.
You see here a hobgoblin corpse.
Key pressed, stopping explore.
No target in view!
No target in view!
No target in view!
Found a stone staircase leading down.
There is a stone staircase leading down here.
As you open the door, it creaks loudly!
Found 12 gold pieces.
Found a faded altar of an unknown god.
There is an open door here.
You open the door.
There is an open door here.
You now have 85 gold pieces (gained 12).
There is a faded altar of an unknown god here.
You open the door.
There is an open door here.
You open the door.
There is an open door here.
You now have 91 gold pieces (gained 6).
Found 4 stones.
No target in view!
No target in view!
No target in view!
No target in view!
Search for what [? for help]? alt Search for what [Enter for "alt", or ? for help]?
There is an open door here.
There is an open door here.
There is a faded altar of an unknown god here.
This altar belongs to (a) Cheibriados, (b) Elyvilon or (c) Gozag, but you can't tell which.
Press the corresponding letter to learn more about a god, or press enter to convert or escape to cancel.
Elyvilon accepts your prayer! Elyvilon welcomes you!
You can now purify yourself.
Are you sure you want to abandon this character and quit the game? (Confirm with "yes".)
Okay, then.
Autopickup is now off.
Are you sure you want to abandon this character and quit the game? (Confirm with "yes".)

###.#####.......##.#
#...# #..........#
#.#######....#<#.###
#.#P....#........#
#.#.###'#....#...#
#.#.#...##..[<...#
#.#.#.####.. ..#.#####
#.'P8...P#######.....#
#######P@P#######.##.#
##P..P8P'.#.##.#
####.#.#...##.#
#...#.######.#
#'###.#...##.#
#....P#...##.####
########.........
........########
........#


There were no monsters in sight!

Vanquished Creatures
  3 bats
  4 endoplasms
  A giant cockroach (D:1)
  A goblin (D:1)
  2 hobgoblins
  3 quokkas (D:1)
  4 ball pythons
  4 kobolds (D:1)
  A rat (D:1)
23 creatures vanquished.

Notes
Turn   | Place    | Note
-------+----------+-------------------------------------------
     0 | D:1      | Kurtz the Tengu Fighter began the quest for the Orb.
     0 | D:1      | Reached XP level 1. HP: 14/14 MP: 2/2
   190 | D:1      | Reached XP level 2. HP: 19/19 MP: 3/3
  1029 | D:2      | Reached XP level 3. HP: 23/23 MP: 4/4
  1255 | D:2      | Found a faded altar of an unknown god.
  1336 | D:2      | Prayed at the altar of an unknown god.
  1336 | D:2      | Became a worshipper of Elyvilon the Healer
  1336 | D:2      | Reached * piety under Elyvilon
  1337 | D:2      | Quit the game

Illustrated notes

Levels and vault maps discovered:
D:1:      dpeg_arrival_lava_temple_mockup, layout_basic
D:2:      layout_basic, shapermc_ecumenical_altar_ellora,
          kennysheep_big_empty_room

Action                     || total
---------------------------++-------
  Melee: War axe           ||    41
         Kick              ||    10
         Peck              ||     4
 Armour: Scale mail        ||     8
         Chain mail        ||     8
  Dodge: Dodged            ||    22
  Block: Buckler           ||     7
